2713 views
Uploaded 2021-07-01 13:29:34
Game version 1.32.10
57:59 long 1on1 ladder game on (3)NomadIsles
Saved by xzz
2713 views
Uploaded 2021-07-01 13:29:34
Game version 1.32.10
57:59 long 1on1 ladder game on (3)NomadIsles

65 units @ 8.9k
/ 1.6k
126 buildings @ 17.9k
/ 10.9k

| Healing Salve | 7 | 700 |
| Lesser Clarity Potion | 7 | 490 |
| Potion of Healing | 2 | 300 |
| Scroll of Speed | 5 | 250 |
| Potion of Mana | 3 | 600 |
| Orb of Lightning | 1 | 375 |
| Scroll of Town Portal | 4 | 1400 |
| Boots of Speed | 1 | 250 |
| Potion of Lesser Invulnerability | 1 | 150 |
| Staff of Teleportation | 1 | 150 |
| total: | 32 | 4665g |
| Peon | 30 | 2250 | / | 0 |
| Demolisher | 7 | 1540 | / | 350 |
| Raider | 9 | 1620 | / | 360 |
| Troll Batrider | 17 | 2720 | / | 680 |
| Goblin Shredder | 2 | 750 | / | 200 |
| total: | 65 | 8880g | / | 1590w |
| Watch Tower | 97 | 10670 | / | 7760 |
| Altar of Storms | 1 | 180 | / | 50 |
| Orc Burrow | 5 | 800 | / | 200 |
| Voodoo Lounge | 1 | 130 | / | 30 |
| War Mill | 2 | 410 | / | 0 |
| Great Hall | 11 | 4235 | / | 2035 |
| Barracks | 5 | 900 | / | 250 |
| Beastiary | 4 | 580 | / | 560 |
| Stronghold | 1 | 315 | / | 190 |
| Fortress | 2 | 650 | / | 380 |
| total: | 126 | 17905g | / | 10885w |
| 0:05 | Altar of Storms |
| 0:07 | Orc Burrow |
| 0:10 | Peon |
| 0:11 | Peon |
| 0:43 | Peon |
| 0:44 | Peon |
| 1:06 | Peon |
| 1:13 | Voodoo Lounge |
| 1:17 | Peon |
| 1:31 | War Mill |
| 1:38 | Peon |
| 1:48 | Orc Burrow |
| 1:53 | Orc Burrow |
| 2:11 | Peon |
| 2:13 | Serpent Ward |
| 2:35 | Peon |
| 2:53 | Watch Tower |
| 3:27 | Stronghold |
| 4:10 | Watch Tower |
| 4:13 | Watch Tower |
| 4:27 | Healing Salve |
| 4:27 | Lesser Clarity Potion |
| 5:11 | Hex |
| 5:15 | Watch Tower |
| 7:05 | Goblin Shredder |
| 7:11 | Potion of Healing |
| 7:11 | Lesser Clarity Potion |
| 7:11 | Scroll of Speed |
| 7:32 | Serpent Ward |
| 7:45 | Great Hall |
| 7:47 | Watch Tower |
| 7:50 | Watch Tower |
| 7:50 | Watch Tower |
| 7:51 | Watch Tower |
| 7:59 | Barracks |
| 8:04 | Watch Tower |
| 8:06 | Spiked Barricades |
| 8:12 | Lesser Clarity Potion |
| 8:13 | Healing Salve |
| 8:15 | Lesser Clarity Potion |
| 8:16 | Scroll of Speed |
| 8:28 | Beastiary |
| 8:32 | Beastiary |
| 8:40 | Barracks |
| 9:40 | Great Hall |
| 9:42 | Watch Tower |
| 9:42 | Watch Tower |
| 9:42 | Watch Tower |
| 9:43 | Watch Tower |
| 9:43 | Watch Tower |
| 9:50 | Demolisher |
| 10:19 | Ensnare |
| 10:19 | Raider |
| 10:26 | Watch Tower |
| 10:27 | Watch Tower |
| 10:27 | Watch Tower |
| 10:28 | Watch Tower |
| 10:36 | Orc Burrow |
| 10:39 | Orc Burrow |
| 10:43 | Watch Tower |
| 11:21 | Hex |
| 11:35 | Raider |
| 11:37 | Demolisher |
| 11:44 | Peon |
| 11:45 | Peon |
| 12:11 | Watch Tower |
| 12:11 | Watch Tower |
| 12:11 | Watch Tower |
| 12:12 | Watch Tower |
| 12:12 | Watch Tower |
| 12:13 | Watch Tower |
| 12:13 | Watch Tower |
| 12:34 | Reinforced Defenses |
| 13:37 | Fortress |
| 13:41 | Pillage |
| 13:45 | Demolisher |
| 13:47 | Steel Armor |
| 13:53 | Great Hall |
| 14:03 | Watch Tower |
| 14:03 | Watch Tower |
| 14:04 | Watch Tower |
| 14:04 | Watch Tower |
| 14:05 | Watch Tower |
| 14:10 | Peon |
| 14:25 | Healing Salve |
| 14:29 | Lesser Clarity Potion |
| 14:31 | Potion of Healing |
| 14:32 | Potion of Mana |
| 15:06 | Fortress |
| 15:09 | Steel Ranged Weapons |
| 15:10 | Improved Spiked Barricades |
| 16:03 | Great Hall |
| 16:41 | Serpent Ward |
| 16:54 | Great Hall |
| 17:19 | Great Hall |
| 17:26 | Watch Tower |
| 17:26 | Watch Tower |
| 17:32 | Watch Tower |
| 17:32 | Watch Tower |
| 17:32 | Watch Tower |
| 17:38 | Watch Tower |
| 17:39 | Watch Tower |
| 17:40 | Watch Tower |
| 17:45 | Great Hall |
| 17:48 | Burning Oil |
| 18:03 | Raider |
| 18:11 | Steel Melee Weapons |
| 18:56 | Watch Tower |
| 20:05 | Beastiary |
| 20:10 | Beastiary |
| 21:27 | Watch Tower |
| 21:27 | Watch Tower |
| 21:27 | Watch Tower |
| 21:28 | Watch Tower |
| 21:28 | Watch Tower |
| 21:28 | Watch Tower |
| 21:29 | Watch Tower |
| 21:29 | Watch Tower |
| 21:29 | Watch Tower |
| 21:40 | Peon |
| 22:18 | Boots of Speed |
| 22:52 | Liquid Fire |
| 24:00 | Troll Batrider |
| 24:21 | Peon |
| 24:21 | Peon |
| 24:21 | Peon |
| 24:22 | Peon |
| 24:26 | Watch Tower |
| 24:26 | Watch Tower |
| 24:27 | Watch Tower |
| 24:27 | Watch Tower |
| 24:27 | Watch Tower |
| 24:34 | Watch Tower |
| 24:34 | Watch Tower |
| 24:35 | Watch Tower |
| 24:35 | Watch Tower |
| 24:46 | Troll Batrider |
| 25:15 | Watch Tower |
| 25:17 | Watch Tower |
| 25:17 | Watch Tower |
| 25:17 | Watch Tower |
| 25:18 | Watch Tower |
| 25:18 | Watch Tower |
| 25:18 | Watch Tower |
| 25:19 | Watch Tower |
| 26:05 | Peon |
| 26:05 | Peon |
| 26:05 | Peon |
| 26:06 | Peon |
| 26:09 | Troll Batrider |
| 26:22 | Troll Batrider |
| 27:54 | Troll Batrider |
| 27:57 | Big Bad Voodoo |
| 29:17 | Potion of Lesser Invulnerability |
| 29:24 | Troll Batrider |
| 29:27 | Troll Batrider |
| 29:30 | Watch Tower |
| 29:31 | Watch Tower |
| 29:31 | Watch Tower |
| 29:31 | Watch Tower |
| 29:38 | Goblin Shredder |
| 30:03 | Orb of Lightning |
| 30:04 | Scroll of Town Portal |
| 30:19 | Great Hall |
| 30:33 | Great Hall |
| 31:06 | Hex |
| 31:23 | Troll Batrider |
| 31:58 | Great Hall |
| 32:11 | Great Hall |
| 32:28 | Peon |
| 32:28 | Peon |
| 32:28 | Peon |
| 32:34 | Watch Tower |
| 32:34 | Watch Tower |
| 32:35 | Watch Tower |
| 33:13 | Demolisher |
| 33:36 | Thorium Armor |
| 34:48 | Demolisher |
| 34:56 | Troll Batrider |
| 36:32 | Healing Wave |
| 37:51 | Healing Salve |
| 37:57 | Raider |
| 37:59 | Arcanite Armor |
| 38:00 | Thorium Melee Weapons |
| 38:05 | Demolisher |
| 38:08 | Peon |
| 38:09 | Peon |
| 38:37 | Raider |
| 38:51 | Scroll of Town Portal |
| 39:08 | Watch Tower |
| 39:08 | Watch Tower |
| 39:08 | Watch Tower |
| 39:09 | Watch Tower |
| 39:28 | Troll Batrider |
| 39:29 | Troll Batrider |
| 39:29 | Troll Batrider |
| 39:46 | Peon |
| 39:46 | Peon |
| 39:47 | Peon |
| 39:47 | Peon |
| 39:49 | Potion of Mana |
| 39:51 | Scroll of Speed |
| 39:56 | Scroll of Town Portal |
| 40:06 | Troll Batrider |
| 41:14 | Healing Salve |
| 41:20 | Lesser Clarity Potion |
| 41:31 | Raider |
| 41:39 | Potion of Mana |
| 41:40 | Scroll of Speed |
| 41:41 | Scroll of Town Portal |
| 42:42 | Healing Wave |
| 43:48 | Raider |
| 43:49 | Raider |
| 44:08 | Staff of Teleportation |
| 44:28 | Arcanite Melee Weapons |
| 44:36 | Healing Salve |
| 44:37 | Lesser Clarity Potion |
| 44:53 | Raider |
| 45:01 | Troll Batrider |
| 45:01 | Troll Batrider |
| 45:24 | Envenomed Spears |
| 46:26 | Healing Salve |
| 46:31 | Scroll of Speed |
| 46:42 | Troll Batrider |
| 47:01 | Troll Batrider |
| 48:33 | Demolisher |
| 50:13 | Watch Tower |
| 50:13 | Watch Tower |
| 50:14 | Watch Tower |
| 50:14 | Watch Tower |
| 50:14 | Watch Tower |
| 50:14 | Watch Tower |
| 50:14 | Watch Tower |
| 50:19 | Watch Tower |
| 50:20 | Watch Tower |
| 50:20 | Watch Tower |
| 50:21 | Watch Tower |
| 50:21 | Watch Tower |
| 50:21 | Watch Tower |
| 50:22 | Watch Tower |
| 51:58 | Thorium Ranged Weapons |
| 53:23 | Watch Tower |
| 53:23 | Watch Tower |
| 53:24 | Watch Tower |
| 53:24 | Watch Tower |
| 53:25 | Watch Tower |
| 53:26 | Watch Tower |
| 53:35 | Barracks |
| 53:36 | Barracks |
| 53:39 | Barracks |
| 53:41 | War Mill |
| 54:56 | Arcanite Ranged Weapons |
| Right click | 2713 |
| Select | 891 |
| Use ability | 347 |
| Select group | 199 |
| Build/train/purchase | 170 |
| Assign group | 44 |
| Misc. action | 35 |
| Chat | 23 |
| Item give/drop | 10 |
| Esc | 9 |
| Remove unit | 5 |
/ 2.4k
25 buildings @ 3.9k
/ 1.5k


| Acolyte | 16 | 1200 | / | 0 |
| Ghoul | 2 | 240 | / | 0 |
| Crypt Fiend | 12 | 2580 | / | 480 |
| Obsidian Statue | 3 | 600 | / | 105 |
| Frost Wyrm | 14 | 5390 | / | 1680 |
| Goblin Shredder | 1 | 375 | / | 100 |
| total: | 48 | 10385g | / | 2365w |
| Spirit Tower | 15 | 2175 | / | 600 |
| Altar of Darkness | 1 | 180 | / | 50 |
| Ziggurat | 17 | 2550 | / | 850 |
| Graveyard | 1 | 215 | / | 0 |
| Crypt | 1 | 200 | / | 50 |
| Tomb of Relics | 1 | 130 | / | 30 |
| Necropolis | 1 | 225 | / | 0 |
| Slaughterhouse | 1 | 140 | / | 135 |
| Sacrificial Pit | 1 | 75 | / | 150 |
| Boneyard | 1 | 175 | / | 200 |
| Halls of the Dead | 1 | 320 | / | 210 |
| Black Citadel | 2 | 650 | / | 460 |
| total: | 25 | 3890g | / | 1465w |
| 0:04 | Acolyte |
| 0:04 | Acolyte |
| 0:10 | Altar of Darkness |
| 0:19 | Ziggurat |
| 0:48 | Graveyard |
| 1:07 | Crypt |
| 1:30 | Ziggurat |
| 2:12 | Ghoul |
| 2:21 | Spirit Tower |
| 2:24 | Impale |
| 2:30 | Spirit Tower |
| 2:38 | Ghoul |
| 2:52 | Crypt Fiend |
| 3:29 | Crypt Fiend |
| 3:57 | Halls of the Dead |
| 4:20 | Crypt Fiend |
| 4:34 | Tomb of Relics |
| 4:48 | Ziggurat |
| 4:54 | Creature Attack |
| 5:42 | Goblin Shredder |
| 5:52 | Spiked Carapace |
| 6:01 | Spirit Tower |
| 6:07 | Creature Carapace |
| 6:19 | Slaughterhouse |
| 7:31 | Obsidian Statue |
| 7:31 | Obsidian Statue |
| 7:36 | Death Coil |
| 7:42 | Web |
| 7:47 | Sacrificial Pit |
| 8:00 | Acolyte |
| 8:16 | Ziggurat |
| 9:02 | Impale |
| 9:19 | Spirit Tower |
| 9:33 | Improved Creature Attack |
| 10:29 | Crypt Fiend |
| 10:42 | Death Pact |
| 10:57 | Black Citadel |
| 10:59 | Improved Creature Carapace |
| 11:04 | Crypt Fiend |
| 11:09 | Ziggurat |
| 11:17 | Acolyte |
| 11:17 | Acolyte |
| 11:17 | Acolyte |
| 11:29 | Ziggurat |
| 11:45 | Acolyte |
| 13:07 | Acolyte |
| 13:40 | Spiked Carapace |
| 13:48 | Death Coil |
| 14:09 | Black Citadel |
| 14:12 | Spirit Tower |
| 14:14 | Spirit Tower |
| 15:26 | Crypt Fiend |
| 16:42 | Boneyard |
| 16:45 | Advanced Creature Attack |
| 16:45 | Advanced Creature Carapace |
| 16:47 | Crypt Fiend |
| 16:52 | Acolyte |
| 16:52 | Acolyte |
| 17:26 | Obsidian Statue |
| 17:28 | Crypt Fiend |
| 17:57 | Frost Wyrm |
| 17:57 | Freezing Breath |
| 18:31 | Frost Wyrm |
| 18:38 | Ziggurat |
| 18:46 | Ziggurat |
| 18:54 | Ziggurat |
| 19:45 | Frost Wyrm |
| 19:47 | Spirit Tower |
| 19:50 | Spirit Tower |
| 19:52 | Spirit Tower |
| 20:04 | Acolyte |
| 20:30 | Acolyte |
| 20:59 | Acolyte |
| 21:20 | Acolyte |
| 21:50 | Ziggurat |
| 21:55 | Ziggurat |
| 22:00 | Ziggurat |
| 22:04 | Ziggurat |
| 22:56 | Frost Wyrm |
| 22:56 | Frost Wyrm |
| 23:05 | Spirit Tower |
| 23:07 | Spirit Tower |
| 23:09 | Spirit Tower |
| 23:12 | Spirit Tower |
| 24:27 | Death Pact |
| 24:55 | Frost Wyrm |
| 25:46 | Frost Wyrm |
| 26:44 | Frost Wyrm |
| 27:51 | Frost Wyrm |
| 27:51 | Frost Wyrm |
| 27:55 | Impale |
| 34:48 | Frost Wyrm |
| 35:33 | Frost Wyrm |
| 37:59 | Ziggurat |
| 38:03 | Ziggurat |
| 38:28 | Frost Wyrm |
| 38:33 | Ziggurat |
| 38:38 | Ziggurat |
| 39:01 | Locust Swarm |
| 39:03 | Spirit Tower |
| 39:08 | Frost Wyrm |
| 41:05 | Necropolis |
| 41:33 | Spirit Tower |
| 41:48 | Crypt Fiend |
| 41:49 | Crypt Fiend |
| 43:13 | Death Coil |
| 44:01 | Acolyte |
| 44:01 | Acolyte |
| 44:08 | Crypt Fiend |
| 44:08 | Crypt Fiend |
| Right click | 954 |
| Select | 391 |
| Build/train/purchase | 92 |
| Chat | 77 |
| Use ability | 42 |
| Remove unit | 2 |